 Dungeon Crawl Stone Soup version 0.30-a0-639-g3916f1956a (webtiles) character file.

Game seed: 6825863588286575579

1199 ryw the Chopper (level 8, -3/50 HPs)
             Began as a Gargoyle Fighter on Jan 17, 2023.
             Slain by an orc priest
             ... wielding a +0 trident
              (6 damage)
             ... on level 5 of the Dungeon.
             The game lasted 00:10:44 (4751 turns).

ryw the Chopper (Gargoyle Fighter)                  Turns: 4751, Time: 00:10:44

Health: -3/50      AC: 18    Str: 22    XL:     8   Next: 44%
Magic:  8/8        EV: 10    Int:  9    God:
Gold:   287        SH:  6    Dex:  9    Spells: 7/7 levels left

rFire   . . .      SeeInvis .    a - +2 war axe (chaos)
rCold   . . .      Faith    .    c - +1 buckler
rNeg    + . .      Spirit   .    b - +0 scale mail
rPois   ∞          Reflect  .    n - +2 helmet
rElec   +          Harm     .    (no cloak)
rCorr   .          Rampage  .    (no gloves)
Will    .....                    (no boots) Stlth
                                 (no amulet)
HPRegen 0.28/turn                (no ring)
MPRegen 0.11/turn                (no ring)

@: no status effects
A: sickness immunity, AC +5, negative energy resistance 1, electricity
resistance, torment resistance 1, petrification resistance, iridescent scales 1,
sense surroundings 1
a: no special abilities


You were on level 5 of the Dungeon.
You visited 1 branch of the dungeon, and saw 5 of its levels.

You collected 287 gold pieces.

Inventory:

Hand Weapons
 a - a +2 war axe of chaos (weapon)
Armour
 b - a +0 scale mail (worn)
 c - a +1 buckler (worn)
 m - a +1 helmet of intelligence
 n - a +2 helmet (worn)
Wands
 d - a wand of polymorph (11)
Scrolls
 e - a scroll of butterflies
 k - a scroll of fear
Potions
 f - 2 potions of mutation
 g - 2 potions of curing
 h - 2 potions of brilliance
 o - a potion of heal wounds


   Skills:
 + Level 5.4 Fighting
 * Level 5.5 Axes
 + Level 5.4 Armour
 - Level 3.0 Dodging
 + Level 5.4 Shields


You had 7 spell levels left.
You didn't know any spells.
Your spell library was empty.

Dungeon Overview and Level Annotations

Branches:
Dungeon (5/15)
 Temple: D:4-7

Altars:
Makhleb
Nemelex Xobeh
Sif Muna

Shops:
D:2 !

Annotations:
D:3 exclusion: orc wizard
D:4 1 runed translucent door, Crazy Yiuf


Innate Abilities, Weirdness & Mutations

You are immune to sickness and miasma.
Your stone body is resilient. (AC +5)
You are immune to poison.
You resist negative energy. (rN+)
You are resistant to electric shocks. (rElec)
You are resistant to unholy torment.
You are immune to petrification.
You are partially covered in iridescent scales. (AC +2)
You passively map a small area around you.


Message History

The orc hits you but does no damage. The orc priest barely misses you.
You miss the water moccasin.
The water moccasin is heavily wounded.
You hit the orc.
You kill the orc!
You block the water moccasin's attack. The water moccasin barely misses you.
You block the orc priest's attack. The water moccasin barely misses you.
You miss the water moccasin.
The water moccasin is heavily wounded.
The water moccasin misses you.
The orc priest hits you from afar with a +0 trident.
You block the water moccasin's attack.
The orc priest hits you from afar with a +0 trident.
The water moccasin bites you but does no damage.
You miss the water moccasin.
The water moccasin is heavily wounded.
The water moccasin bites you but does no damage.
The water moccasin bites you!
* * * LOW HITPOINT WARNING * * *
The orc priest hits you from afar with a +0 trident.
* * * LOW HITPOINT WARNING * * *
You block the water moccasin's attack.
The water moccasin bites you but does no damage.
The orc priest hits you but does no damage.
You barely miss the orc priest. You slash the water moccasin!
The water moccasin seems to slow down.
You freeze the water moccasin. The water moccasin bites you.
* * * LOW HITPOINT WARNING * * *
The orc priest barely misses you.
The water moccasin bites you but does no damage.
You hit the orc priest.
The orc priest goes berserk!
The orc priest is lightly wounded.
You closely miss the water moccasin.
The water moccasin is no longer moving slowly.
The orc priest hits you with a +0 trident.
* * * LOW HITPOINT WARNING * * *
The water moccasin bites you.
* * * LOW HITPOINT WARNING * * *
The orc priest hits you with a +0 trident.
You die...

##........##.....##.#
#................##.##
...(..............##.#
....#.............##.#
....####...........#.#
...## ###...........#
..## #.........##
##.....)....#
#......@S)..# * *
......o.....#
............# , ,
..........###
####.......*
#..[>....* , ,
#.....###. *.....##
*##


You could see a water moccasin (berserk) and an orc priest (berserk).

Vanquished Creatures
  Sigmund (D:4)
  Duvessa (D:3)
  Pargi (D:3)
  An ice beast (D:5)
  2 centaurs (D:5)
  A scorpion (D:5)
  Dowan (D:3)
  A hound (D:5)
  An orc priest (D:3)
  A jelly (D:5)
  Natasha (thrice) (D:3)
  4 orc wizards
  Robin (D:3)
  5 adders
  A shadow imp (D:3)
  A white imp (D:5)
  2 ufetubi
  4 worms
  4 dart slugs
  19 orcs
  7 ball pythons
  4 endoplasms
  6 giant cockroaches
  13 goblins
  14 hobgoblins
  4 jackals (D:5)
  3 kobolds
  3 quokkas
  7 bats
  2 frilled lizards
  12 rats
130 creatures vanquished.

Notes
Turn   | Place    | Note
-------+----------+-------------------------------------------
     0 | D:1      | ryw the Gargoyle Fighter began the quest for the Orb.
     0 | D:1      | Reached XP level 1. HP: 14/14 MP: 1/1
   128 | D:1      | Reached XP level 2. HP: 19/19 MP: 2/2
   536 | D:1      | Reached XP level 3. HP: 23/23 MP: 3/3
   766 | D:2      | Found a faded altar of an unknown god.
   887 | D:2      | Found Idioro's Distillery.
  1107 | D:3      | Noticed Natasha
  1119 | D:3      | Killed Natasha
  1120 | D:3      | Reached skill level 1 in Dodging
  1120 | D:3      | Reached XP level 4. HP: 29/29 MP: 4/4
  1622 | D:3      | Noticed Pargi
  1631 | D:3      | Killed Pargi
  1632 | D:3      | Reached XP level 5. HP: 25/33 MP: 5/5
  1648 | D:3      | Noticed Natasha
  1662 | D:3      | Killed Natasha
  1737 | D:3      | Noticed Natasha
  1756 | D:3      | Killed Natasha
  1757 | D:3      | Reached XP level 6. HP: 37/38 MP: 6/6
  1965 | D:3      | Noticed Robin
  1973 | D:3      | Killed Robin
  2306 | D:3      | Found a shimmering blue altar of Sif Muna.
  2503 | D:4      | Noticed Dowan
  2679 | D:4      | Noticed Duvessa
  3113 | D:4      | Noticed Sigmund
  3165 | D:3      | Killed Duvessa
  3166 | D:3      | Reached XP level 7. HP: 37/44 MP: 7/7
  3178 | D:3      | Killed Dowan
  3424 | D:4      | Found a runed translucent door.
  3425 | D:4      | Noticed Crazy Yiuf
  3619 | D:4      | Found a sparkling altar of Nemelex Xobeh.
  3764 | D:4      | Killed Sigmund
  3765 | D:4      | Reached skill level 5 in Fighting
  3967 | D:5      | Entered Level 5 of the Dungeon
  4056 | D:5      | Reached skill level 5 in Armour
  4056 | D:5      | Reached skill level 5 in Shields
  4056 | D:5      | Reached XP level 8. HP: 30/49 MP: 8/8
  4056 | D:5      | Gained mutation: You are partially covered in iridescent
                  | scales. (AC +2) [potion of mutation]
  4056 | D:5      | Gained mutation: You passively map a small area around you.
                  | [potion of mutation]
  4069 | D:5      | Reached skill level 5 in Axes
  4275 | D:5      | Found a burning altar of Makhleb.
  4751 | D:5      | Slain by an orc priest

Illustrated notes

Levels and vault maps discovered:
D:1:      dpeg_arrival_subterranean_lakeside_camping, layout_basic
D:2:      layout_loops_cross, nicolae_ecumenical_oubliette, serial_shops,
          nicolae_shop_crystal
D:3:      layout_loops_corners, led_sif_book, dk_noncrumbling_3, uniq_robin,
          uniq_natasha, uniq_pargi
D:4:      layout_rooms, mainiacjoe_overflow_alcove_4, uniq_sigmund,
          uniq_duvessa, uniq_crazy_yiuf_cottage
D:5:      cheibrodos_barr_body, layout_layer_cave, makhleb_blood_cavern_becter,
          nicolae_titane, uniq_menkaure

Skill      XL: |  1  2  3  4  5  6  7  8 |
---------------+-------------------------+-----
Axes           | 2 3 4 5 |  5.5
Dodging        | 1 2 3 |  3.0
Fighting       | 4 5 |  5.4
Armour         | 4 5 |  5.4
Shields        | 4 5 |  5.4

Action                   |  1- 3 |  4- 6 |  7- 9 || total
-------------------------+-------+-------+-------++-------
Melee: War axe           |   132 |   191 |   121 ||   444
  Use: Scroll            |     3 |     7 |     4 ||    14
       Potion            |       |     5 |     2 ||     7
 Stab: Invisible         |       |     1 |       ||     1
Armor: Scale mail        |    77 |   143 |   122 ||   342
Dodge: Dodged            |    71 |   122 |    80 ||   273
Block: Buckler           |    33 |    73 |    32 ||   138

Table legend: (Time is in decaauts)
 A = Elapsed time spent in this place.
 B = Non-inter-level travel time spent in this place.
 C = Inter-level travel time spent in this place.
 D = Time resting spent in this place.
 E = Time spent auto-exploring this place.
 F = Levels seen in this place.
 G = Mean time per level.
                   A        B        C        D        E       F      G
               +--------+--------+--------+--------+--------+-----+--------+
         Total |   4941 |   4708 |    233 |    932 |   2585 |   5 |  988.2 |
       Dungeon |   4941 |   4708 |    233 |    932 |   2585 |   5 |  988.2 |
               +--------+--------+--------+--------+--------+-----+--------+

Top non-repeatable levels by time:
     D:3: 1916 daAuts
     D:4: 929 daAuts
     D:1: 862 daAuts
     D:5: 802 daAuts
     D:2: 430 daAuts
